 Dungeon Crawl Stone Soup version 0.29-a0-88-g03a7b78be7 (webtiles) character file.

Game seed: 10475010170275715901

98 Nelsoonmonsoon the Skirmisher (level 4, -9/40 HPs)
             Began as a Hill Orc Abyssal Knight on Feb 6, 2022.
             Was a Follower of Lugonu.
             Killed by divine providence
             ... invoked by an orc priest
              (12 damage)
             ... on level 3 of the Dungeon.
             The game lasted 00:06:42 (2881 turns).

Nelsoonmonsoon the Skirmisher (HOAK)                Turns: 2881, Time: 00:06:42

Health: -9/40      AC:  3    Str: 17    XL:     4   Next: 71%
Magic:  6/6        EV: 11    Int: 10    God:    Lugonu [*.....]
Gold:   55         SH:  0    Dex: 11    Spells: 3/3 levels left

rFire   . . .      SeeInvis .   a - +1 hand axe
rCold   . . .      Faith    .   (no shield)
rNeg    . . .      Spirit   .   b - +0 leather armour
rPois   .          Reflect  .   (no helmet)
rElec   .          Harm     .   (no cloak)
rCorr   .          Rampage  .   (no gloves)
Will    .....                   (no boots)
Stlth   +.........              (no amulet)
HPRegen 0.13/turn               (no ring)
MPRegen 0.10/turn               (no ring)

@: no status effects
A: no striking features
a: Renounce Religion, Convert to Beogh, Depart the Abyss


You were on level 3 of the Dungeon.
You worshipped Lugonu.
Lugonu was aware of your devotion.
You visited 1 branch of the dungeon, and saw 3 of its levels.
You visited the Abyss 1 time.

You collected 55 gold pieces.

Inventory:

Hand Weapons
 a - a +1 hand axe (weapon)
 h - a +0 hand axe
Missiles
 l - 26 stones
Armour
 b - a +0 leather armour (worn)
 i - a +0 leather armour
Jewellery
 g - a ring of flight
Potions
 d - a potion of brilliance {unknown}
 e - a potion of attraction {unknown}
 f - 2 potions of heal wounds


   Skills:
 + Level 4.2 Fighting
 + Level 3.7 Axes
 + Level 3.0 Armour
 + Level 1.6 Dodging
 + Level 3.4 Invocations


You had 3 spell levels left.
You didn't know any spells.
Your spell library contained the following spells:

 Spells                   Type           Power      Damage    Failure   Level
 Foxfire                  Conj/Fire      0%         2x1d4     41%         1
 Conjure Flame            Conj/Fire      0%         6-21      80%         3
 Inner Flame              Hex/Fire       0%         N/A       80%         3
 Flame Wave               Conj/Fire      0%         2d4       99%         4


Dungeon Overview and Level Annotations

Branches:
Dungeon (3/15)

Altars:
Kikubaaqudgha


Message History

You hit the orc.
The orc is moderately wounded.
The orc hits you with a +0 whip.
The orc priest shouts, "Beogh is our master!
Accept the truth or die!"
You hit the orc.
You kill the orc!
Lugonu accepts your kill.
You hit the orc priest. The orc priest misses you.
You closely miss the goblin.
You hit the orc priest but do no damage.
The orc priest hits you with a +0 short sword.
The goblin hits you but does no damage.
You hit the goblin.
The goblin is heavily wounded.
You closely miss the orc priest.
The orc priest hits you with a +0 short sword.
The goblin barely misses you.
You barely miss the orc priest.
The orc priest is lightly wounded.
You hit the goblin.
The orc priest hits you with a +0 short sword.
The goblin hits you but does no damage.
You hit the orc priest.
The orc priest is moderately wounded.
You closely miss the goblin.
The orc priest threatens, "By the altar or by the axe, you will meet Beogh!"
The orc priest closely misses you. The goblin closely misses you.
The orc priest hits you but does no damage.
You barely miss the orc priest.
The orc priest is moderately wounded.
You hit the goblin.
You kill the goblin!
Lugonu accepts your kill.
The orc priest mumbles some strange prayers to Beogh against you.
Pain shoots through your body!
* * * LOW HITPOINT WARNING * * *
There is a stone staircase leading up here.
The orc priest calls down the wrath of Beogh upon you.
Beogh smites you!
You die...

*,,,,**,,,*#......#****,*
****,* *,*****...#*,**##.#
*,* *,* *,* **,....#.*
#..# *,# *,*
,,***,,......* #..# *.#
*,* ,,,,,,,,.....*
#..#####.# *,*
*****,,,,,...* ##.).....#
*,* *
**,,,,,#.#####o.....# *,*
* **,,,*#.....o...##.# *,*
*
*****#....@.....#.#####*,*
* ##.######.........,,*
#.# ##.#...#####***
######.####.#.#..#
#..........#####.#
#.####.####.###.## #.# #.#
##.#.## #†# #.# ##.## #.#
#.# #.#


You could see an orc priest and an orc.

Vanquished Creatures
  Jessica (D:3)
  3 adders
  2 worms (D:2)
  2 dart slugs (D:2)
  An orc (D:3)
  A bat (D:2)
  3 endoplasms
  2 giant cockroaches (D:1)
  5 goblins
  A hobgoblin (D:3)
  3 jackals (D:2)
  4 kobolds
  2 ball pythons
  4 frilled lizards
  A rat (D:2)
35 creatures vanquished.

Vanquished Creatures (others)
  A plant (D:1)
1 creature vanquished.

Grand Total: 36 creatures vanquished

Notes
Turn   | Place    | Note
-------+----------+-------------------------------------------
     0 | Abyss:1  | Nelsoonmonsoon the Hill Orc Abyssal Knight began the quest
                  | for the Orb.
     0 | Abyss:1  | Reached XP level 1. HP: 19/19 MP: 2/2
     0 | D:1      | Escaped the Abyss
   466 | D:1      | Reached skill level 1 in Dodging
   466 | D:1      | Reached XP level 2. HP: 27/27 MP: 3/3
   482 | D:1      | Found a faded altar of an unknown god.
  1185 | D:2      | Reached XP level 3. HP: 30/33 MP: 5/5
  1319 | D:2      | Reached skill level 4 in Fighting
  1656 | D:2      | Found an ancient bone altar of Kikubaaqudgha.
  1684 | D:2      | Reached * piety under Lugonu
  2337 | D:2      | Reached XP level 4. HP: 38/40 MP: 6/6
  2354 | D:3      | Noticed Jessica
  2366 | D:3      | Killed Jessica
  2881 | D:3      | Killed from afar by an orc priest

Illustrated notes

Levels and vault maps discovered:
D:1:      matt_arrival_debris, layout_rooms, serial_bayou, serial_bayou_ford_a,
          serial_bayou_shore_b, serial_bayou_shore_b, serial_bayou_shore_a,
          hellmonk_ecumenical_altar_pennies_from_heaven, due_unseen_surprise
D:2:      minmay_chambers_of_ones, layout_basic, basic_altar
D:3:      wander_river, layout_loops_ring, mainiacjoe_overflow_alcove_1,
          uniq_jessica

Skill      XL: |  1  2  3  4 |
---------------+-------------+-----
Dodging        | 1 |  1.6
Axes           | 3 |  3.7
Fighting       | 4 |  4.2
Invocations    | 3 |  3.4
Armour         | 3 |  3.0

Action                   |  1- 3 |  4- 6 || total
-------------------------+-------+-------++-------
Melee: Hand axe          |   121 |    45 ||   166
       Punch             |     1 |       ||     1
Invok: Depart the Abyss  |     1 |       ||     1
  Use: Scroll            |       |     5 ||     5
 Stab: Sleeping          |     1 |       ||     1
Armor: Leather armour    |    25 |    17 ||    42
Dodge: Dodged            |    79 |    32 ||   111

Table legend: (Time is in decaauts)
 A = Elapsed time spent in this place.
 B = Non-inter-level travel time spent in this place.
 C = Inter-level travel time spent in this place.
 D = Time resting spent in this place.
 E = Time spent auto-exploring this place.
 F = Levels seen in this place.
 G = Mean time per level.
                   A        B        C        D        E       F      G
               +--------+--------+--------+--------+--------+-----+--------+
         Total |   2947 |   2867 |     80 |      0 |   1837 |   4 |  736.8 |
       Dungeon |   2947 |   2867 |     80 |      0 |   1837 |   3 |  982.3 |
         Abyss |      0 |      0 |      0 |      0 |      0 |   1 |    0.0 |
               +--------+--------+--------+--------+--------+-----+--------+

Top non-repeatable levels by time:
     D:2: 1367 daAuts
     D:1: 1287 daAuts
     D:3: 293 daAuts
